 Dungeon Crawl Stone Soup version 0.30-a0-371-gad7725a93e (webtiles) character file.

Game seed: 14741619097844954906

21 mopl the Sneak (level 2, 20/20 HPs)
             Began as an Octopode Brigand on Nov 20, 2022.
             Got out of the dungeon alive.
             The game lasted 00:00:52 (420 turns).

mopl the Sneak (Octopode Brigand)                    Turns: 420, Time: 00:00:53

Health: 20/20      AC:  1    Str: 10    XL:     2   Next: 87%
Magic:  2/2        EV: 13    Int: 13    God:
Gold:   0          SH:  0    Dex: 13    Spells: 1/1 levels left

rFire   . . .      SeeInvis .    a - +2 dagger
rCold   . . .      Faith    .    (no shield)
rNeg    . . .      Spirit   .    (helmet restricted)
rPois   .          Reflect  .    (no amulet)
rElec   .          Harm     .    (no ring)
rCorr   .          Rampage  .    (no ring)
Will    .....                    (no ring)
Stlth   ++++......               (no ring)
HPRegen 0.23/turn                (no ring)
MPRegen 0.08/turn                (no ring)
                                 (no ring)
                                 (no ring)

@: about to teleport
A: almost no armour, amphibious, 8 rings, camouflage 1, gelatinous body 1,
(nimble swimmer 1), tentacles
a: no special abilities


You escaped.
You visited 1 branch of the dungeon, and saw 1 of its levels.

Inventory:

Hand Weapons
 a - a +2 dagger (weapon)
Missiles
 b - 9 poisoned darts (quivered)
 c - 3 curare-tipped darts
Scrolls
 d - 2 scrolls of noise
 e - a scroll of teleportation


   Skills:
 + Level 2.3 Fighting
 - Level 2.2 Short Blades
 - Level 2.2 Throwing
 - Level 1.4 Dodging
 - Level 5.5 Stealth


You had one spell level left.
You didn't know any spells.
Your spell library was empty.

Dungeon Overview and Level Annotations

Branches:
Dungeon (1/15)

Altars:


Innate Abilities, Weirdness & Mutations

You cannot wear most types of armour.
You are amphibious.
You can wear up to eight rings at the same time.
Your skin changes colour to match your surroundings (Stealth+).
Your rubbery body absorbs attacks. (AC +1, EV +1)
((You are camouflaged when in or above water. (Stealth+)))
You have tentacles for arms and can constrict up to eight enemies at once.


Message History

No target in view!
No target in view!
No target in view!
d - 3 scrolls labelled KUIGEO FYHI (gained 1) HP restored.
A ball python comes into view.
The ball python hisses angrily.
A ball python is nearby!
A ball python is nearby!
The ball python bites you. The ball python barely misses you.
You barely miss the ball python. Your grab misses the ball python.
The ball python bites you but does no damage.
The ball python closely misses you.
You hit the ball python. Your grab misses the ball python.
You squeeze the ball python.
You kill the ball python!
No target in view!
No target in view!
No target in view!
No target in view!
No target in view!
A kobold comes into view. It is wielding a +0 short sword.
The helpless kobold fails to defend itself.
You impale the kobold!!
You kill the kobold!
No target in view!
(D) Dungeon
Where to? (Enter - D:1 @ (x,y), ? - help)
You see here a rat corpse.
Things that are here:
3 stones; a +0 dagger; a kobold corpse
There is a staircase leading out of the dungeon here.
As you read the scroll labelled KUIGEO FYHI, it crumbles to dust.
You hear a loud clanging noise!
It was a scroll of noise.
As you read the scroll labelled QUB TIYR TYTOF, it crumbles to dust.
You feel strangely unstable.
It was a scroll of teleportation.
You aren't carrying any potions.
Are you sure you want to leave the Dungeon?
This will make you lose the game!
You have escaped!

# # # ##
#########.########
.#
#.....#.#.#......#
.#
#.###.#.#.#.####.#
.#
#.#@..#.#.#.#..#.#
##
#.#####.#.#.#.##.###
#.......#.#.#....#.#
#######.#.#.#######.
...................#
#.##############.###
###### #.# .....#
#.# ####.# #.#


There were no monsters in sight!

Vanquished Creatures
  A dart slug (D:1)
  2 endoplasms (D:1)
  A giant cockroach (D:1)
  2 goblins (D:1)
  3 hobgoblins (D:1)
  2 kobolds (D:1)
  2 ball pythons (D:1)
  A frilled lizard (D:1)
  3 rats (D:1)
17 creatures vanquished.

Notes
Turn   | Place    | Note
-------+----------+-------------------------------------------
     0 | D:1      | mopl the Octopode Brigand began the quest for the Orb.
     0 | D:1      | Reached XP level 1. HP: 14/14 MP: 1/1
   189 | D:1      | Reached XP level 2. HP: 15/19 MP: 2/2
   420 | D:$      | Got out of the dungeon alive.

Illustrated notes

Levels and vault maps discovered:
D:1:      matt_arrival_spirals, layout_loops_ring

Action                   || total
-------------------------++-------
Melee: Dagger            ||    32
       Tentacles         ||     7
       Constrict         ||     5
  Use: Scroll            ||     2
 Stab: Sleeping          ||     5
Armor: Skin              ||     2
Dodge: Dodged            ||    16

Table legend: (Time is in decaauts)
 A = Elapsed time spent in this place.
 B = Non-inter-level travel time spent in this place.
 C = Inter-level travel time spent in this place.
 D = Time resting spent in this place.
 E = Time spent auto-exploring this place.
 F = Levels seen in this place.
 G = Mean time per level.
                   A        B        C        D        E       F      G
               +--------+--------+--------+--------+--------+-----+--------+
         Total |    416 |    289 |    127 |      0 |    207 |   1 |  416.0 |
       Dungeon |    416 |    289 |    127 |      0 |    207 |   1 |  416.0 |
               +--------+--------+--------+--------+--------+-----+--------+

Top non-repeatable levels by time:
     D:1: 416 daAuts
